 Dungeon Crawl Stone Soup version 0.29-a0-88-g03a7b78be7 (webtiles) character file.

Game seed: 4203965317880129179

658 issech the Cudgeller (level 7, -1/67 HPs)
             Began as a Troll Monk on Feb 5, 2022.
             Slain by a killer bee (5 damage)
             ... on level 5 of the Dungeon.
             The game lasted 00:14:15 (2962 turns).

issech the Cudgeller (Troll Monk)                   Turns: 2962, Time: 00:14:16

Health: -1/67      AC:  8    Str: 20    XL:     7   Next: 29%
Magic:  6/6        EV: 11    Int:  6    God:
Gold:   170        SH:  0    Dex: 14    Spells: 6/6 levels left

rFire   . . .      SeeInvis .   r - +1 whip (drain)
rCold   . . .      Faith    .   (no shield)
rNeg    . . .      Spirit   .   b - +0 robe
rPois   .          Reflect  .   (helmet restricted)
rElec   .          Harm     .   (no cloak)
rCorr   .          Rampage  .   (gloves unavailable)
Will    .....                   (boots unavailable)
Stlth   ++........              (no amulet)
HPRegen 1.01/turn               f - +4 ring of protection
MPRegen 0.10/turn               B - ring of flight

@: lethally poisoned (-1 -> -2), flying
A: large, unfitting armour, claws 3, regeneration 1, shaggy fur 1, tough skin 1
a: no special abilities


You were on level 5 of the Dungeon.
You visited 1 branch of the dungeon, and saw 5 of its levels.

You collected 170 gold pieces.

Inventory:

Hand Weapons
 a - a +0 mace
 r - a +1 whip of draining (weapon)
 s - a +0 halberd
 u - a +4 whip
 w - a +1 dagger of electrocution
 A - a +0 fustibalus
Missiles
 c - 10 poisoned darts (quivered)
 e - 33 stones
 h - 2 curare-tipped darts
 l - 27 bolts
 p - 22 arrows
 t - a throwing net
 C - 18 sling bullets
Armour
 b - a +0 robe (worn)
Jewellery
 f - a +4 ring of protection (left claw)
 i - a ring of positive energy
 B - a ring of flight (right claw)
Wands
 y - a wand of acid (7)
Scrolls
 g - 4 scrolls of identify {unknown}
 j - 2 scrolls of immolation {unknown}
 m - a scroll of teleportation {unknown}
 q - a scroll of magic mapping {unknown}
 x - a scroll of acquirement {unknown}
 D - a scroll of blinking {unknown}
Potions
 d - 2 potions of curing {unknown}
 k - 2 potions of heal wounds {unknown}
 n - 3 potions of attraction {unknown}
 o - a potion of degeneration {unknown}
 v - a potion of brilliance {unknown}
 z - a potion of lignification {unknown}
 E - a potion of might {unknown}


   Skills:
 + Level 3.6 Fighting
 + Level 5.7 Maces & Flails
 + Level 3.9 Dodging
 + Level 2.0 Stealth


You had 6 spell levels left.
You didn't know any spells.
Your spell library contained the following spells:

 Spells                   Type           Power      Damage    Failure   Level
 Shock                    Conj/Air       0%         1d3       45%         1
 Slow                     Hex            0%         N/A       45%         1
 Confusing Touch          Hex            0%         N/A       83%         3
 Swiftness                Air            0%         N/A       83%         3
 Vampiric Draining        Necr           0%         2d6       83%         3
 Airstrike                Air            0%         N/A       99%         4


Dungeon Overview and Level Annotations

Branches:
Dungeon (5/15)
 Temple: D:4-7

Altars:
Kikubaaqudgha
Makhleb


Innate Abilities, Weirdness & Mutations

You are too large for most types of armour.
You have claws for hands.
Your natural rate of healing is unusually fast.
You are covered in fur. (AC +1)
You have tough skin. (AC +1)


Message History

You fly downwards.
The hatch slams shut behind you.
You feel very sick.
You whack the killer bee! You drain the killer bee.
You kill the killer bee!
You feel sick. The killer bee stings you!
* * * LOW HITPOINT WARNING * * *
The killer bee barely misses you.
Your Stealth skill increases to level 2!
Unknown command.
You feel sick. The killer bee stings you.
* * * LOW HITPOINT WARNING * * *
You feel sick.
You feel sick. The killer bee barely misses you.
You feel sick. The killer bee closely misses you.
You feel sick. The killer bee misses you.
There is an escape hatch in the floor here.
You feel sick. The killer bee completely misses you.
The killer bee stings you but does no damage.
You fly downwards.
The hatch slams shut behind you.
You feel sick.
You are no longer poisoned.
The killer bee barely misses you. x2
The killer bee stings you.
* * * LOW HITPOINT WARNING * * *
You are poisoned.
The killer bee poisons you!
You feel sick.
You feel sick.
The killer bee stings you but does no damage.
The killer bee closely misses you.
You feel sick.
Found a stone staircase leading up.
You feel sick. The killer bee stings you.
* * * LOW HITPOINT WARNING * * *
You are more poisoned.
The killer bee poisons you!
You feel sick.
The killer bee stings you but does no damage.
The killer bee closely misses you.
An adder comes into view.
You feel sick. The killer bee stings you.
You die...

.............####.#
......................#
................#
...... #........#
...... ##......##
......# #......#
.......##......##
................#
.......@y.......#
.................#
S.................#
....................
....................
######.............
##...........
#........<#


You could see a killer bee and an adder (asleep).

Vanquished Creatures
  An ice beast (D:4)
  2 phantoms
  2 scorpions (D:4)
  A killer bee (D:4)
  A jelly (D:4)
  A centaur skeleton (D:3)
  A hound skeleton (D:4)
  7 adders
  4 gnolls
  An adder skeleton (D:4)
  A dart slug (D:1)
  4 orcs
  7 ball pythons
  5 endoplasms
  2 giant cockroaches
  7 goblins
  8 hobgoblins
  4 jackals (D:3)
  11 bats
  A frilled lizard (D:1)
  9 kobolds
  8 rats
  A spectral hobgoblin (D:1)
89 creatures vanquished.

Vanquished Creatures (others)
  A fungus (D:4)
  16 plants (D:1)
17 creatures vanquished.

Grand Total: 106 creatures vanquished

Notes
Turn   | Place    | Note
-------+----------+-------------------------------------------
     0 | D:1      | issech the Troll Monk began the quest for the Orb.
     0 | D:1      | Reached XP level 1. HP: 22/22 MP: 0/0
   169 | D:1      | Reached XP level 2. HP: 29/29 MP: 1/1
   334 | D:1      | Found a faded altar of an unknown god.
   429 | D:1      | Reached skill level 3 in Maces & Flails
   488 | D:1      | Reached XP level 3. HP: 36/36 MP: 2/2
  1017 | D:2      | Reached XP level 4. HP: 44/44 MP: 3/3
  1693 | D:3      | Found a burning altar of Makhleb.
  1879 | D:3      | Noticed a phantom
  1911 | D:3      | Killed a phantom
  1912 | D:3      | Reached skill level 4 in Maces & Flails
  1912 | D:3      | Reached XP level 5. HP: 32/52 MP: 4/4
  2279 | D:3      | Reached XP level 6. HP: 55/58 MP: 5/5
  2460 | D:4      | Found an ancient bone altar of Kikubaaqudgha.
  2621 | D:4      | Reached skill level 5 in Maces & Flails
  2865 | D:4      | Reached XP level 7. HP: 57/67 MP: 6/6
  2954 | D:5      | Entered Level 5 of the Dungeon
  2962 | D:5      | Slain by a killer bee

Illustrated notes

Levels and vault maps discovered:
D:1:      minmay_arrival_cross, layout_basic, serial_bayou, serial_bayou_lake_a,
          serial_bayou_shore_a, serial_bayou_pond_b, serial_bayou_pond_c,
          dreamdust_ecumenical_altar_drowned_temple, chequers_avenue
D:2:      layout_basic, minmay_cut_off
D:3:      layout_basic, nicolae_overflow_crystal_walls
D:4:      layout_gridville, mainiacjoe_overflow_cross_hatched,
          minmay_tree_intersection, kennysheep_generic_room_4
D:5:      layout_layer_cave, minitemple

Skill      XL: |  1  2  3  4  5  6  7 |
---------------+----------------------+-----
Maces & Flails | 3 4 5 |  5.7
Dodging        | 3 |  3.9
Fighting       | 3 |  3.6
Stealth        | 2 |  2.0

Action                   |  1- 3 |  4- 6 |  7- 9 || total
-------------------------+-------+-------+-------++-------
Melee: Mace              |   148 |   105 |       ||   253
       Punch             |     3 |     7 |       ||    10
       Whip              |       |   110 |    20 ||   130
Throw: Dart              |       |     1 |       ||     1
 Stab: Sleeping          |     1 |     3 |       ||     4
Armor: Robe              |    57 |   126 |    27 ||   210
Dodge: Dodged            |    91 |   146 |    33 ||   270

Table legend: (Time is in decaauts)
 A = Elapsed time spent in this place.
 B = Non-inter-level travel time spent in this place.
 C = Inter-level travel time spent in this place.
 D = Time resting spent in this place.
 E = Time spent auto-exploring this place.
 F = Levels seen in this place.
 G = Mean time per level.
                   A        B        C        D        E       F      G
               +--------+--------+--------+--------+--------+-----+--------+
         Total |   3078 |   2968 |    110 |     18 |   1121 |   5 |  615.6 |
       Dungeon |   3078 |   2968 |    110 |     18 |   1121 |   5 |  615.6 |
               +--------+--------+--------+--------+--------+-----+--------+

Top non-repeatable levels by time:
     D:1: 913 daAuts
     D:3: 897 daAuts
     D:2: 782 daAuts
     D:4: 478 daAuts
     D:5: 7 daAuts
